 Dungeon Crawl Stone Soup version 0.30.0-19-g36f170ea60 (webtiles) character file.

Game seed: 4520553841925103764

1110 cdecastro the Basher (level 8, 0/78 HPs)
             Began as an Ogre Fighter on May 28, 2023.
             Was an Initiate of Dithmenos.
             Killed from afar by Maggie (30 damage)
             ... with a bolt of fire
             ... on level 6 of the Dungeon on May 29, 2023.
             The game lasted 00:14:04 (5745 turns).

cdecastro the Basher (Ogre Fighter)                 Turns: 5745, Time: 00:14:05

Health: 0/78       AC:  4    Str: 23    XL:     8   Next: 33%
Magic:  8/8        EV: 10    Int:  9    God:    Dithmenos [......]
Gold:   222        SH:  0    Dex:  8    Spells: 7/7 levels left

rFire   . . .        D - +0 giant spiked club
rCold   . . .        (shield currently unavailable)
rNeg    . . .        B - +0 animal skin
rPois   +            (helmet restricted)
rElec   .            f - +0 cloak
rCorr   .            (gloves unavailable)
SInv    .            (boots unavailable)
Will    .....        (no amulet)
Stlth   +            p - ring of poison resistance
HPRegen 0.33/turn    (no ring)
MPRegen 0.11/turn

%: no passive effects
@: mesmerised
A: large, unfitting armour, tough skin 1
a: Renounce Religion


You were on level 6 of the Dungeon.
You worshipped Dithmenos.
Dithmenos was noncommittal.
You visited 2 branches of the dungeon, and saw 7 of its levels.
You also visited: Sewer.

You collected 222 gold pieces.

Inventory:

Hand Weapons
 a - a +0 flail
 v - a +0 heavy flail
 A - a +0 morningstar
 D - a +0 giant spiked club (weapon)
Missiles
 o - 6 poisoned darts (quivered)
Armour
 b - a +0 robe
 c - a +0 kite shield
 f - a +0 cloak (worn)
 B - a +0 animal skin (worn)
Jewellery
 p - a ring of poison resistance (left hand)
Wands
 C - a wand of flame (20)
Scrolls
 g - 2 scrolls of amnesia {unknown}
 j - 4 scrolls of fog {unknown}
 k - 5 scrolls of teleportation {unknown}
 l - 3 scrolls of enchant weapon {unknown}
 m - 4 scrolls of identify {unknown}
 n - 2 scrolls of poison {unknown}
 s - a scroll of acquirement {unknown}
 t - 2 scrolls of fear {unknown}
 w - a scroll of magic mapping {unknown}
 x - a scroll of brand weapon {unknown}
 y - a scroll of enchant armour {unknown}
Potions
 d - a potion of might
 e - 2 potions of mutation {unknown}
 h - 3 potions of curing {unknown}
 i - 3 potions of degeneration {unknown}
 q - 3 potions of haste {unknown}
 r - a potion of magic {unknown}
 u - 4 potions of invisibility {unknown}
 z - a potion of attraction {unknown}
 E - a potion of heal wounds {unknown}


   Skills:
 - Level 4.0 Fighting
 + Level 9.0 Maces & Flails
 - Level 2.6 Dodging
 - Level 3.0 Shields


You had 7 spell levels left.
You didn't know any spells.
Your spell library contained the following spells:

 Spells                   Type           Power      Damage    Failure   Level
 Ensorcelled Hibernation  Hex/Ice        0%         N/A       52%         2
 Lesser Beckoning         Tloc           0%         N/A       52%         2
 Passwall                 Tmut/Erth      0%         N/A       52%         2
 Poisonous Vapours        Pois/Air       0%         N/A       52%         2
 Static Discharge         Conj/Air       0%         2-2/arc   52%         2
 Gell's Gravitas          Tloc           0%         N/A       77%         3
 Mephitic Cloud           Conj/Pois/Air  0%         N/A       77%         3
 Swiftness                Air            0%         N/A       77%         3
 Teleport Other           Tloc           0%         N/A       77%         3
 Airstrike                Air            0%         2d(0-16)  99%         4
 Summon Lightning Spire   Summ/Air       0%         N/A       99%         4
 Freezing Cloud           Conj/Ice/Air   0%         6-21      100%        5


Dungeon Overview and Level Annotations

Branches:
Dungeon (6/15)             Temple (1/1) D:5           Sewer (visited)

Altars:
Cheibriados
Dithmenos
Elyvilon
Gozag
Hepliaklqana
Kikubaaqudgha
Trog
Wu Jian
Xom
Zin
The Shining One

Annotations:
D:4 1 runed translucent door, Crazy Yiuf
D:6 Maggie


Innate Abilities, Weirdness & Mutations

You are too large for most types of armour.
You have tough skin. (AC +1)


Message History

Maggie attempts to bespell you!
You easily resist.
Maggie hits you with a +2 broad axe of pain!
You hit Maggie.
Maggie is moderately wounded.
Maggie mumbles some strange words.
Maggie attempts to bespell you!
You are mesmerised by Maggie!
You barely miss Maggie.
Maggie is moderately wounded.
Maggie barely misses you.
You closely miss Maggie.
Maggie is moderately wounded.
Maggie casts a spell at you. The bolt of fire hits you!!
Maggie mumbles some strange words.
Maggie draws you further into her thrall.
You hit Maggie but do no damage.
Maggie is moderately wounded.
Maggie barely misses you.
You sock Maggie!
Maggie is moderately wounded.
Maggie barely misses you.
You hit Maggie.
Maggie is heavily wounded.
Maggie hits you with a +2 broad axe of pain. x2
You sock Maggie!
Maggie is severely wounded.
Maggie completely misses you.
You hit Maggie but do no damage.
Maggie is severely wounded.
Maggie hits you with a +2 broad axe of pain!
* * * LOW HITPOINT WARNING * * *
You writhe in agony.
* * * LOW HITPOINT WARNING * * *
Unknown command.
You closely miss Maggie.
Maggie is severely wounded.
Maggie casts a spell at you. The bolt of fire hits you!!
You die...

#........#...#......
#........#...#......
#.?......#...+......
#........#...#......
........#...#......
#......#...#......
#......#...#......
#......'...#......
+@.....#...'......
#+###@.....#...#......
.........†.#####......
...........# #......
...........# #......
...........# +......
...........# #......
..########### ###+###
#


You could see Maggie (mesmerising).

Vanquished Creatures
  A water moccasin (D:6)
  2 ice beasts (D:5)
  Pargi (Sewer)
  A black bear (D:4)
  An ogre (D:5)
  2 scorpions
  3 hounds
  2 orc priests (D:5)
  A jelly (D:6)
  2 iguanas
  An orc wizard (D:4)
  Robin (D:4)
  4 adders
  An ufetubus (D:5)
  2 worms
  A dart slug (D:1)
  10 orcs
  15 ball pythons
  7 bats
  8 endoplasms
  3 giant cockroaches
  13 goblins
  13 hobgoblins
  6 jackals
  3 quokkas
  8 frilled lizards
  8 kobolds
  4 rats
124 creatures vanquished.

Notes
Turn   | Place    | Note
-------+----------+-------------------------------------------
     0 | D:1      | cdecastro the Ogre Fighter began the quest for the Orb.
     0 | D:1      | Reached XP level 1. HP: 24/24 MP: 1/1
    59 | D:1      | Reached skill level 2 in Maces & Flails
   154 | D:1      | Reached XP level 2. HP: 32/32 MP: 2/2
   644 | D:1      | Reached skill level 3 in Maces & Flails
   769 | D:1      | Reached XP level 3. HP: 37/39 MP: 3/3
  1340 | D:2      | Found a faded altar of an unknown god.
  1574 | D:2      | Found an opulent altar of Gozag.
  2213 | D:3      | Reached XP level 4. HP: 34/48 MP: 4/4
  2494 | D:3      | Reached skill level 4 in Maces & Flails
  2542 | D:3      | Found the +3 pair of mountain boots {steadfast, rC+}
  3109 | D:4      | Reached XP level 5. HP: 48/54 MP: 5/5
  3260 | D:4      | Reached skill level 5 in Maces & Flails
  3315 | D:4      | Found a glowing drain.
  3320 | Sewer    | Entered a sewer
  3425 | Sewer    | Noticed Pargi
  3435 | Sewer    | Killed Pargi
  3436 | Sewer    | Reached XP level 6. HP: 35/62 MP: 6/6
  3627 | D:4      | Reached skill level 6 in Maces & Flails
  3726 | D:4      | Noticed Robin
  3762 | D:4      | Noticed a black bear
  3769 | D:4      | Killed Robin
  3773 | D:4      | Killed a black bear
  4327 | D:4      | Found a runed translucent door.
  4328 | D:4      | Noticed Crazy Yiuf
  4668 | D:5      | Entered Level 5 of the Dungeon
  4668 | D:5      | Noticed an ice beast
  4672 | D:5      | Killed an ice beast
  4673 | D:5      | Reached skill level 7 in Maces & Flails
  4673 | D:5      | Reached XP level 7. HP: 70/70 MP: 7/7
  4954 | D:5      | Found a staircase to the Ecumenical Temple.
  4972 | Temple   | Entered the Ecumenical Temple
  5033 | Temple   | Became a worshipper of Dithmenos the Shadowed
  5392 | D:5      | Reached skill level 8 in Maces & Flails
  5485 | D:5      | Reached XP level 8. HP: 69/78 MP: 8/8
  5724 | D:6      | Reached skill level 9 in Maces & Flails
  5728 | D:6      | Noticed Maggie
  5745 | D:6      | Killed from afar by Maggie

Illustrated notes

Levels and vault maps discovered:
D:1:      sevenhm_arrival_forest_fort_small_5, layout_loops_corners
D:2:      layout_basic, basic_altar, ebering_ecumenical_altar_rust
D:3:      minmay_evil_eye, layout_basic, hangedman_decor_growths
D:4:      layout_loops_corners, gup_sewer_entry_bowl, uniq_crazy_yiuf_cottage,
          uniq_robin
D:5:      layout_rooms, minmay_temple_entry_offerings
D:6:      layout_gridville, uniq_maggie
Temple:   hellmonk_temple_of_storms

Skill      XL: |  1  2  3  4  5  6  7  8 |
---------------+-------------------------+-----
Maces & Flails | 2 3 4 5 7 8 9 |  9.0
Fighting       | |  4.0
Dodging        | |  2.6
Shields        | |  3.0

Action                     |  1- 3 |  4- 6 |  7- 9 || total
---------------------------+-------+-------+-------++-------
  Melee: Flail             |   158 |   147 |    44 ||   349
         Punch             |       |     1 |       ||     1
         Giant spiked club |       |       |    39 ||    39
    Use: Potion            |       |     3 |     1 ||     4
   Stab: Sleeping          |     1 |       |       ||     1
 Armour: Robe              |    50 |    46 |       ||    96
         Animal skin       |       |     1 |    41 ||    42
  Dodge: Dodged            |   119 |   102 |    63 ||   284
